 Dungeon Crawl Stone Soup version 0.31-a0-819-gf6de2f5ab6 (webtiles) character file.

Game seed: 4293004707888619111

44 qw the Shooter (level 3, 0/22 HPs)
             Began as a Gargoyle Hunter on Sept 23, 2023.
             Shot with an arrow by a centaur (11 damage)
             ... on level 3 of the Dungeon.
             The game lasted 00:00:27 (1461 turns).

qw the Shooter (Gargoyle Hunter)                    Turns: 1461, Time: 00:00:28

Health: 0/22       AC:  9    Str: 14    XL:     3   Next: 62%
Magic:  3/3        EV: 15    Int:  9    God:
Gold:   67         SH:  0    Dex: 15    Spells: 2/2 levels left

rFire   . . .        Y - +1 shortbow
rCold   . . .        (shield currently unavailable)
rNeg    + . .        d - +0 ring mail
rPois   inf          (no helmet)
rElec   +            (no cloak)
rCorr   .            a - +0 pair of gloves
SInv    .            (no boots)
Will    .....        (no amulet)
Stlth   +            f - +5 ring of evasion
HPRegen 0.23/turn    (no ring)
MPRegen 0.08/turn

%: no passive effects
@: no status effects
A: sickness immunity, AC +3, negative energy resistance 1, electricity
resistance, torment resistance 1, petrification resistance
a: no special abilities


You were on level 3 of the Dungeon.
You visited 1 branch of the dungeon, and saw 3 of its levels.

You collected 67 gold pieces.


Innate Abilities, Weirdness & Mutations

You are immune to sickness and miasma.
Your stone body is resilient. (AC +3)
You are immune to poison.
You resist negative energy. (rN+)
You are resistant to electric shocks. (rElec)
You are resistant to unholy torment.
You are immune to petrification.


   Skills:
 + Level 2.3 Fighting
 - Level 5.0 Ranged Weapons
 - Level 1.1 Armour
 - Level 1.5 Dodging
 - Level 1.1 Stealth


You had 2 spell levels left.
You didn't know any spells.
Your spell library was empty.

Inventory:

Hand Weapons
 Y - a +1 shortbow (weapon)
Armour
 a - a +0 pair of gloves (worn)
 d - a +0 ring mail (worn)
Jewellery
 f - a +5 ring of evasion (left hand)
Scrolls
 b - a scroll of fear {unknown}
Potions
 g - a potion of ambrosia {unknown}
 h - a potion of magic {unknown}
 i - a potion of degeneration {unknown}
 j - a potion of curing {unknown}

Dungeon Overview and Level Annotations

Branches:
Dungeon (3/15)

Altars:


Message History

It is a scroll of enchant weapon.
Your +0 shortbow glows red for a moment.
Done exploring.
1413 ||| DROPPING 3 scrolls of vulnerability.
You drop 3 scrolls of vulnerability.
Done exploring.
What level of the Dungeon? (default 2, ? - help)
There is an open door here.
There is a stone staircase leading down here.
You climb downwards.
Found a scroll labelled JAIMOD ITESYQ.
There is a stone staircase leading up here.
Waypoint 2 assigned to D:3.
Found a stone staircase leading down.
b - a scroll labelled JAIMOD ITESYQ You feel your willpower return.
A centaur comes into view.
The centaur wields a +0 orcbow.
The centaur shoots an arrow.
The arrow closely misses you.
You shoot an arrow. The arrow closely misses the centaur.
The centaur shoots an arrow.
The arrow hits you!
The centaur shoots an arrow.
The arrow misses you.
You shoot an arrow. The arrow closely misses the centaur.
The centaur shoots an arrow.
The arrow misses you.
You shoot an arrow.
The arrow completely misses the centaur.
The centaur shoots an arrow.
The arrow hits you.
You shoot an arrow. The arrow hits the centaur.
The centaur is moderately wounded.
The centaur shoots an arrow.
The arrow hits you.
The centaur shoots an arrow.
The arrow misses you.
You shoot an arrow. The arrow hits the centaur.
The centaur is heavily wounded.
The centaur shoots an arrow.
The arrow barely misses you.
You shoot an arrow. The arrow hits the centaur.
The centaur is severely wounded.
The centaur shoots an arrow.
The arrow closely misses you.
The centaur shoots an arrow.
The arrow hits you!
Ouch! That really hurt!
You die...

#.#.# ..#..
###.#.#
##...#.#
######
#...<#.#
#....#
####...#
#.##.#
+...###.##>#
#..........#
#........@##
##...........+
#............#
#.###.#+#....#
#. ...# .c..##
#.#.#.+ ......
#.#...# ......
# #+#.....##.


You could see a centaur.

Vanquished Creatures
  A worm (D:2)
  3 bats
  4 endoplasms
  A giant cockroach (D:1)
  3 goblins (D:2)
  5 hobgoblins
  2 jackals (D:2)
  3 quokkas
  5 ball pythons
  2 frilled lizards (D:1)
  4 kobolds
  4 rats
37 creatures vanquished.

Notes
Turn   | Place    | Note
-------+----------+-------------------------------------------
     0 | D:1      | qw the Gargoyle Hunter began the quest for the Orb.
     0 | D:1      | Reached XP level 1. HP: 12/12 MP: 1/1
     0 | D:1      | 0 ||| qw: Version: 0.3-a-83-gcd0e7d8
     0 | D:1      | 0 ||| qw: Game counter: 1367
     0 | D:1      | 0 ||| qw: Melee chars always use a shield: true
     0 | D:1      | 0 ||| qw: God list: Okawaru
     0 | D:1      | 0 ||| qw: Allow faded altars: false
     0 | D:1      | 0 ||| qw: Do Orc after clearing Dungeon:15 true
     0 | D:1      | 0 ||| qw: Do second Lair branch before Depths: true
     0 | D:1      | 0 ||| qw: Lair rune preference: random
     0 | D:1      | 0 ||| qw: Goals: Normal
     0 | D:1      | 0 ||| PLANNING D:1-11
   182 | D:1      | Reached XP level 2. HP: 17/17 MP: 2/2
   510 | D:1      | 510 ||| UPGRADING to +0 ring mail.
   520 | D:1      | 520 ||| DROPPING +0 leather armour.
   521 | D:1      | 521 ||| UPGRADING to +5 ring of evasion.
   522 | D:1      | 522 ||| READING scroll labelled MUCIEB ZOA.
   523 | D:1      | 523 ||| DROPPING scroll of butterflies.
   748 | D:2      | Reached XP level 3. HP: 21/21 MP: 3/3
   762 | D:2      | Reached skill level 1 in Armour
  1310 | D:2      | Reached skill level 5 in Ranged Weapons
  1405 | D:2      | 1405 ||| UPGRADING to +0 pair of gloves.
  1410 | D:2      | 1410 ||| READING 4 scrolls labelled ROAQUO SOCA.
  1411 | D:2      | 1411 ||| READING scroll labelled HUPHUR UCKOSUR.
  1412 | D:2      | 1412 ||| READING scroll labelled VITTEPPAOL.
  1413 | D:2      | 1413 ||| DROPPING 3 scrolls of vulnerability.
  1455 | D:3      | Noticed a centaur
  1461 | D:3      | Shot with an arrow by a centaur

Levels and vault maps discovered:
D:1:      wander_arrival_peaceful_grave, layout_loops_ring, st_stairs_14
D:2:      layout_basic, minmay_quantized
D:3:      layout_basic, gammafunk_ghost_gnarly_gnolls

Skill      XL: |  1  2  3 |
---------------+----------+-----
Armour         | 1 |  1.1
Ranged Weapons | 5 |  5.0
Fighting       | |  2.3
Dodging        | |  1.5
Stealth        | |  1.1

Action                     || total
---------------------------++-------
   Fire: Shortbow          ||    98
    Use: Scroll            ||     4
 Armour: Leather armour    ||     6
         Ring mail         ||    21
  Dodge: Dodged            ||    45

Table legend:
 A = Non-vault XP
 B = Vault XP
 C = Vault XP percentage of total XP
 D = Non-vault monster count
 E = Vault monster count
 F = Vault count percentage of total count
                 A         B        C        D         E       F
            +---------+---------+-------+---------+---------+-------
      Total |      50 |      14 |  21.9 |      29 |       8 |  21.6
            +---------+---------+-------+---------+---------+-------
        D:1 |      27 |       2 |   6.9 |      17 |       1 |   5.6
        D:2 |      23 |      12 |  34.3 |      12 |       7 |  36.8
            +---------+---------+-------+---------+---------+-------
